3L
CHICAGO HAWKS @ THUNDER BAY NORTHERN LIONS BC
09/30/2019
 
TOP OF THE 1ST
Chicago Hawks batting - Pitching for Thunder Bay Northern Lions BC : RHP Makoto Kato
Pitching: RHP Makoto Kato
Batting: LHB Motoshige Kitamura 0-0: Foul Ball, location: 2F
0-1: Ball
1-1: Swinging Strike
1-2: Ball
2-2: Strikes out swinging
Batting: RHB Mitch Jensen 0-0: Called Strike
0-1: Foul Ball, location: 2F
0-2: Strikes out swinging
Batting: LHB Mal Wadley 0-0: Ball
1-0: Fly out, F6 (Popup, 6D)
Top of the 1st over - 0 run(s), 0 hit(s), 0 error(s), 0 left on base; Chicago 0 - Thunder Bay 0
BOTTOM OF THE 1ST
Thunder Bay Northern Lions BC batting - Pitching for Chicago Hawks : LHP Víctor Padilla
Pitching: LHP Víctor Padilla
Batting: LHB Curtis Peters 0-0: Bunt for hit - play at first, batter safe!
Batting: LHB Keith Bridges 0-0: Ball
Wild Pitch!
Curtis Peters to second
1-0: Ball
2-0: Ball
3-0: Base on Balls
Batting: LHB David Smith 0-0: Called Strike
0-1: Ball
1-1: Ball
2-1: SINGLE (Groundball, 6MD)
Curtis Peters to third
Keith Bridges to second
Runner from 3rd tries for Home, SAFE, no throw or cutoff
Batting: SHB Arnold Griffith 0-0: Fly out, F9 (Flyball, 9S)
Batting: RHB Steve Brandon 0-0: Foul Ball, location: 2F
0-1: Called Strike
0-2: Foul Ball, location: 2F
0-2: Ball
1-2: Fly out, F8 (Flyball, 8LM)
Batting: RHB Duncan Thomas 0-0: Ball
1-0: Foul Ball, location: 2F
1-1: Ball
2-1: Fly out, F3 (Popup, 3L)
Bottom of the 1st over - 1 run(s), 2 hit(s), 0 error(s), 2 left on base; Chicago 0 - Thunder Bay 1
TOP OF THE 2ND
Chicago Hawks batting - Pitching for Thunder Bay Northern Lions BC : RHP Makoto Kato
Batting: RHB Bryan Manning 0-0: Swinging Strike
0-1: Ball
1-1: Swinging Strike
1-2: Ball
2-2: Ball
3-2: Foul Ball, location: 2F
3-2: Strikes out looking
Batting: LHB Bobby Moore 0-0: SINGLE (Groundball, 6MD)
Batting: RHB Cliff Dixon 0-0: Ball
1-0: Ball
2-0: Ball
3-0: Base on Balls
Bobby Moore to second
Batting: RHB Ed Whitaker 0-0: Ball
1-0: Ball
2-0: Grounds into double play, 5-4-3 (Groundball, 56)
Top of the 2nd over - 0 run(s), 1 hit(s), 0 error(s), 1 left on base; Chicago 0 - Thunder Bay 1
BOTTOM OF THE 2ND
Thunder Bay Northern Lions BC batting - Pitching for Chicago Hawks : LHP Víctor Padilla
Batting: RHB Ramiro Rico 0-0: Ground out U3 (Groundball, 3)
Batting: LHB Don Sullivan 0-0: Bunt for hit - play at first, batter OUT! 1-3
Batting: RHB Makoto Kato 0-0: Ball
1-0: Ball
2-0: Called Strike
2-1: Foul Ball, location: 2F
2-2: Ball
3-2: Base on Balls
Batting: LHB Curtis Peters 0-0: Foul Ball, location: 2F
0-1: Fly out, F9 (Line Drive, 9D)
Bottom of the 2nd over - 0 run(s), 0 hit(s), 0 error(s), 1 left on base; Chicago 0 - Thunder Bay 1
TOP OF THE 3RD
Chicago Hawks batting - Pitching for Thunder Bay Northern Lions BC : RHP Makoto Kato
Batting: LHB Jeff Conklin 0-0: Fly out, F6 (Popup, 56D)
Batting: RHB Víctor Padilla 0-0: Ball
1-0: Called Strike
1-1: Ball
2-1: Ball
3-1: Fly out, F9 (Flyball, 89S)
Batting: LHB Motoshige Kitamura 0-0: Called Strike
0-1: Fly out, F9 (Line Drive, 9S)
Top of the 3rd over - 0 run(s), 0 hit(s), 0 error(s), 0 left on base; Chicago 0 - Thunder Bay 1
BOTTOM OF THE 3RD
Thunder Bay Northern Lions BC batting - Pitching for Chicago Hawks : LHP Víctor Padilla
Batting: LHB Keith Bridges 0-0: Ball
1-0: Swinging Strike
1-1: Ball
2-1: Foul Ball, location: 2F
2-2: Foul Ball, location: 2F
2-2: Ball
3-2: Foul Ball, location: 2F
3-2: Base on Balls
Batting: LHB David Smith 0-0: Called Strike
0-1: Ball
1-1: Foul Ball, location: 2F
1-2: Foul Ball, location: 2F
1-2: Ball
2-2: Foul Ball, location: 2F
2-2: Fly out, F8 (Flyball, 8LXD)
Batting: SHB Arnold Griffith 0-0: Called Strike
0-1: Ball
1-1: Foul Ball, location: 2F
1-2: Ball
2-2: SINGLE (Groundball, 6MD)
Keith Bridges to second
Batting: RHB Steve Brandon 0-0: DOUBLE (Groundball, 5L)
Keith Bridges scores
Arnold Griffith to third
Batting: RHB Duncan Thomas 0-0: Ball
1-0: Foul Ball, location: 2F
1-1: Fly out, F9 (Flyball, 9LDF)
Runner from 3rd tags up, SCORES, no throw
Batting: RHB Ramiro Rico 0-0: Ball
1-0: Fly out, F9 (Flyball, 89S)
Bottom of the 3rd over - 2 run(s), 2 hit(s), 0 error(s), 1 left on base; Chicago 0 - Thunder Bay 3
TOP OF THE 4TH
Chicago Hawks batting - Pitching for Thunder Bay Northern Lions BC : RHP Makoto Kato
Batting: RHB Mitch Jensen 0-0: Ball
1-0: Called Strike
1-1: Foul Ball, location: 2F
1-2: Ball
2-2: Ball
3-2: Strikes out looking
Batting: LHB Mal Wadley 0-0: Ground out 6-3 (Groundball, 6M)
Batting: RHB Bryan Manning 0-0: Foul Ball, location: 2F
0-1: Ball
1-1: Ball
2-1: Foul Ball, location: 2F
2-2: Foul Ball, location: 2F
2-2: Ground out 3-1 (Groundball, 34)
Top of the 4th over - 0 run(s), 0 hit(s), 0 error(s), 0 left on base; Chicago 0 - Thunder Bay 3
BOTTOM OF THE 4TH
Thunder Bay Northern Lions BC batting - Pitching for Chicago Hawks : LHP Víctor Padilla
Batting: LHB Don Sullivan 0-0: Called Strike
0-1: Ball
1-1: Swinging Strike
1-2: Ball
2-2: Ball
3-2: Fly out, F7 (Flyball, 7S)
Batting: RHB Makoto Kato 0-0: Called Strike
0-1: Swinging Strike
0-2: Ground out 4-3 (Groundball, 4M)
Batting: LHB Curtis Peters 0-0: Ball
1-0: Called Strike
1-1: Foul Ball, location: 2F
1-2: Ball
2-2: Strikes out swinging
Bottom of the 4th over - 0 run(s), 0 hit(s), 0 error(s), 0 left on base; Chicago 0 - Thunder Bay 3
TOP OF THE 5TH
Chicago Hawks batting - Pitching for Thunder Bay Northern Lions BC : RHP Makoto Kato
Batting: LHB Bobby Moore 0-0: Ball
1-0: Called Strike
1-1: Ball
2-1: Ball
3-1: Fly out, F4 (Popup, 4D)
Batting: RHB Cliff Dixon 0-0: Called Strike
0-1: Called Strike
0-2: Strikes out swinging
Batting: RHB Ed Whitaker 0-0: Called Strike
0-1: Ball
1-1: Foul Ball, location: 2F
1-2: Ball
2-2: Strikes out swinging
Top of the 5th over - 0 run(s), 0 hit(s), 0 error(s), 0 left on base; Chicago 0 - Thunder Bay 3
BOTTOM OF THE 5TH
Thunder Bay Northern Lions BC batting - Pitching for Chicago Hawks : LHP Víctor Padilla
Batting: LHB Keith Bridges 0-0: Fly out, F7 (Flyball, 7LS)
Batting: LHB David Smith 0-0: Called Strike
0-1: Fly out, F4 (Popup, 9S)
Batting: SHB Arnold Griffith 0-0: Ball
1-0: Foul Ball, location: 2F
1-1: Fly out, F9 (Flyball, 9LM)
Bottom of the 5th over - 0 run(s), 0 hit(s), 0 error(s), 0 left on base; Chicago 0 - Thunder Bay 3
TOP OF THE 6TH
Chicago Hawks batting - Pitching for Thunder Bay Northern Lions BC : RHP Makoto Kato
Batting: LHB Jeff Conklin 0-0: Called Strike
0-1: Ball
1-1: Ground out U3 (Groundball, 3)
Batting: RHB Víctor Padilla 0-0: Foul Ball, location: 2F
0-1: Ball
1-1: Ball
2-1: Called Strike
2-2: Ball
3-2: Strikes out swinging
Batting: LHB Motoshige Kitamura 0-0: Ball
1-0: Swinging Strike
1-1: Called Strike
1-2: Foul Ball, location: 2F
1-2: DOUBLE (Line Drive, 9LS)
Batting: RHB Mitch Jensen 0-0: Called Strike
0-1: Ball
1-1: Ball
2-1: Fly out, F4 (Line Drive, 4M)
Top of the 6th over - 0 run(s), 1 hit(s), 0 error(s), 1 left on base; Chicago 0 - Thunder Bay 3
BOTTOM OF THE 6TH
Thunder Bay Northern Lions BC batting - Pitching for Chicago Hawks : LHP Víctor Padilla
Batting: RHB Steve Brandon 0-0: Foul Ball, location: 2F
0-1: Ball
1-1: Ground out 4-3 (Groundball, 4)
Batting: RHB Duncan Thomas 0-0: Ball
1-0: Ball
2-0: Ball
3-0: Called Strike
3-1: Called Strike
3-2: Base on Balls
Batting: RHB Ramiro Rico 0-0: Ball
1-0: Ball
2-0: Ball
3-0: Base on Balls
Duncan Thomas to second
Batting: LHB Don Sullivan 0-0: Ball
1-0: Called Strike
1-1: Ball
2-1: Foul Ball, location: 2F
2-2: Foul Ball, location: 2F
2-2: SINGLE (Line Drive, 34)
Duncan Thomas to third
Ramiro Rico to second
Runner from 3rd tries for Home, SAFE, throw made at trailing runner, SAFE at third!
Batting: RHB Makoto Kato 0-0: Ball
1-0: Foul Ball, location: 2F
1-1: Ground out 6-3 (Groundball, 4MS)
Ramiro Rico scores
Don Sullivan to second
Pitching: RHP Kent Hubbard
Batting: LHB Curtis Peters 0-0: Swinging Strike
0-1: Ball
1-1: Ground out 4-3 (Groundball, 34)
Bottom of the 6th over - 2 run(s), 1 hit(s), 0 error(s), 1 left on base; Chicago 0 - Thunder Bay 5
TOP OF THE 7TH
Chicago Hawks batting - Pitching for Thunder Bay Northern Lions BC : RHP Makoto Kato
Batting: LHB Mal Wadley 0-0: Called Strike
0-1: Foul Ball, location: 2F
0-2: Strikes out swinging, 2-3 out at first.
Batting: RHB Bryan Manning 0-0: Ball
1-0: Called Strike
1-1: Ball
2-1: Ball
3-1: Foul Ball, location: 2F
3-2: Foul Ball, location: 2F
3-2: Base on Balls
Batting: LHB Bobby Moore 0-0: Called Strike
0-1: SINGLE (Line Drive, 7S)
Bryan Manning to second
Batting: RHB Cliff Dixon 0-0: Called Strike
0-1: Ball
1-1: Ball
2-1: Fly out, F8 (Flyball, 89XD)
Runner from 2nd tags up, SAFE at 3rd, no throw
Batting: RHB Ed Whitaker 0-0: Called Strike
0-1: Called Strike
0-2: Foul Ball, location: 2F
0-2: Strikes out swinging
Top of the 7th over - 0 run(s), 1 hit(s), 0 error(s), 2 left on base; Chicago 0 - Thunder Bay 5
BOTTOM OF THE 7TH
Thunder Bay Northern Lions BC batting - Pitching for Chicago Hawks : RHP Kent Hubbard
Batting: LHB Keith Bridges 0-0: Foul Ball, location: 2F
0-1: Swinging Strike
0-2: Foul Ball, location: 2F
0-2: Ball
1-2: Foul Ball, location: 2F
1-2: Foul Ball, location: 2F
1-2: Foul Ball, location: 2F
1-2: Ball
2-2: Fly out, F7 (Flyball, 7LD)
Batting: LHB David Smith 0-0: Ball
1-0: Ball
2-0: Ball
3-0: Called Strike
3-1: Ground out 1-3 (Groundball, 13S)
Batting: SHB Arnold Griffith 0-0: Ball
1-0: Ground out 3-1 (Groundball, 3L)
Bottom of the 7th over - 0 run(s), 0 hit(s), 0 error(s), 0 left on base; Chicago 0 - Thunder Bay 5
TOP OF THE 8TH
Chicago Hawks batting - Pitching for Thunder Bay Northern Lions BC : RHP Makoto Kato
Batting: LHB Jeff Conklin 0-0: Called Strike
0-1: Called Strike
0-2: Ball
1-2: Ball
2-2: Ball
3-2: Fly out, F6 (Popup, 6D)
Pinch Hitting: LHB Bill Griffin 0-0: Foul Ball, location: 2F
0-1: Swinging Strike
0-2: Strikes out looking
Batting: LHB Motoshige Kitamura 0-0: Foul Ball, location: 2F
0-1: Called Strike
0-2: Strikes out swinging
Top of the 8th over - 0 run(s), 0 hit(s), 0 error(s), 0 left on base; Chicago 0 - Thunder Bay 5
BOTTOM OF THE 8TH
Thunder Bay Northern Lions BC batting - Pitching for Chicago Hawks : RHP Kent Hubbard
Pitching: RHP Jesús González
Batting: RHB Steve Brandon 0-0: Called Strike
0-1: Called Strike
0-2: Foul Ball, location: 2F
0-2: Ball
1-2: Ball
2-2: Foul Ball, location: 2F
2-2: Foul Ball, location: 2F
2-2: Fly out, F9 (Flyball, 9S)
Batting: RHB Duncan Thomas 0-0: Ball
1-0: Ball
2-0: DOUBLE (Line Drive, 5L)
Batting: RHB Ramiro Rico 0-0: Ball
1-0: Called Strike
1-1: Ground out 5-3 (Groundball, 56S)
Duncan Thomas to third
Batting: LHB Don Sullivan 0-0: Ball
1-0: Foul Ball, location: 2F
1-1: Foul Ball, location: 2F
1-2: Ball
2-2: Fly out, F8 (Line Drive, 8LM)
Bottom of the 8th over - 0 run(s), 1 hit(s), 0 error(s), 1 left on base; Chicago 0 - Thunder Bay 5
TOP OF THE 9TH
Chicago Hawks batting - Pitching for Thunder Bay Northern Lions BC : RHP Makoto Kato
Batting: RHB Mitch Jensen 0-0: SOLO HOME RUN (Flyball, 8RXD), Distance : 441 ft
Batting: LHB Mal Wadley 0-0: Called Strike
0-1: SINGLE (Groundball, 5D)
Batting: RHB Bryan Manning 0-0: Called Strike
0-1: Fly out, F8 (Flyball, 8LXD)
Runner from 1st tags up, SAFE at 2nd
Batting: LHB Bobby Moore 0-0: Foul Ball, location: 2F
0-1: Called Strike
0-2: Ball
1-2: SINGLE (Groundball, 2R) (infield hit)
Mal Wadley to third
Pitching: RHP Benny York
Batting: RHB Cliff Dixon 0-0: Ball
1-0: Fly out, F8 (Flyball, 8RS)
Batting: RHB Ed Whitaker 0-0: Ball
1-0: Ball
2-0: Ball
3-0: Base on Balls
Bobby Moore to second
Batting: LHB Jeff Conklin 0-0: Called Strike
0-1: Ball
1-1: Ball
2-1: Foul Ball, location: 2F
2-2: Ground out 6-3 (Groundball, 6)
Top of the 9th over - 1 run(s), 3 hit(s), 0 error(s), 3 left on base; Chicago 1 - Thunder Bay 5
This league is powered by Out of the Park Baseball, the baseball management simulation game for PC, Mac and Linux
Saturday, July 25th, 2015 - OOTP Baseball 15.6 Build 34